 Dungeon Sprint DCSS version 0.21.1-1-g345015f (webtiles) character file.

647 diana the Carver (level 7, 0/64 HPs)
             Began as a Demigod Gladiator on July 26, 2018.
             Succumbed to Sonja's poison
             ... in the Dungeon (Sprint I: "Red Sonja").
             The game lasted 00:03:58 (1022 turns).

diana the Carver (Demigod Gladiator)                Turns: 1022, Time: 00:03:58

Health: 0/64       AC:  5    Str: 17    XL:     7   Next: 6%
Magic:  9/9        EV: 17    Int: 12    God:
Gold:   135        SH:  0    Dex: 21    Spells: 6/6 levels left

rFire    . . .     SeeInvis +   a - +0 long sword
rCold    . . .     Gourm    .   (no shield)
rNeg     . . .     Faith    .   b - +0 leather armour
rPois    .         Spirit   .   d - +2 hat {SInv}
rElec    .         Reflect  .   (no cloak)
rCorr    .         Harm     .   (no gloves)
MR       .....     NoTele   +   (no boots)
Stlth    ++........             (no amulet)
HPRegen  0.20/turn              (no ring)
MPRegen  0.11/turn              (no ring)

@: lethally poisoned (0 -> -31)
A: high mp 1
a: no special abilities


You were in the Dungeon.
You were not hungry.

You visited 1 branch You collected 429 gold pieces.
You spent 294 gold pieces at shops.

Inventory:

Hand Weapons
 a - a +0 long sword (weapon)
Armour
 b - a +0 leather armour (worn)
 c - a +0 helmet
 d - a +2 hat of see invisible (worn)
 j - a +2 ring mail of poison resistance
Scrolls
 k - a scroll of blinking
Potions
 i - 2 potions of magic
Comestibles
 f - a ration


   Skills:
 + Level 6.7 Fighting
 * Level 9.6 Long Blades
 - Level 1.7 Throwing
 + Level 6.3 Armour
 + Level 7.0 Dodging


You had 6 spell levels left.
You didn't know any spells.

Dungeon Overview and Level Annotations

Branches:
Dungeon (1/1)

Shops:
D [

Annotations:
D Sonja


Innate Abilities, Weirdness & Mutations

You have an increased reservoir of magic. (+10% MP)


Message History

* * * LOW HITPOINT WARNING * * *
You feel sick. Sonja closely misses you.
Sonja hits you with an uncursed short sword of venom.
* * * LOW HITPOINT WARNING * * *
You are more poisoned.
Sonja hits you with an uncursed short sword of venom.
* * * LOW HITPOINT WARNING * * *
You are more poisoned.
You closely miss Sonja.
Sonja is severely wounded.
* * * LOW HITPOINT WARNING * * *
You feel very sick.
Sonja disappears!
Unknown command.
Okay, then.
* * * LOW HITPOINT WARNING * * *
You feel very sick.
You see here 27 gold pieces.
You close the door.
You die...

#..#####'#####'#__####
..+
#..####..#...#.#### ##
#..#__####..##.#§§§
#..#___K_##'#_.+§≈§
#⌠⌠#_.∩...'..._#≈≈≈.c#
####_..__##_§#'##+####
#_____###+#.#
#########(###
....G..+@.$+
''''####$.$# . ##.##
#+#


There were no monsters in sight!

Vanquished Creatures
  A slime creature (D)
  Sigmund (D)
  A yak (D)
  An ogre (D)
  A jelly (D)
  Ijyb (D)
6 creatures vanquished.

Vanquished Creatures (others)
  A gargoyle (D)
1 creature vanquished.

Grand Total: 7 creatures vanquished

Notes
Turn   | Place    | Note
-------+----------+-------------------------------------------
     0 | D        | diana the Demigod Gladiator began the quest for the Orb.
     0 | D        | Reached XP level 1. HP: 17/17 MP: 3/3
     2 | D        | Noticed Ijyb
     8 | D        | Killed Ijyb
     8 | D        | Reached skill level 4 in Long Blades
     8 | D        | Reached XP level 2. HP: 25/25 MP: 4/4
    12 | D        | Noticed an ogre
    50 | D        | Killed an ogre
    50 | D        | Reached skill level 5 in Long Blades
    50 | D        | Reached XP level 3. HP: 33/33 MP: 5/5
    50 | D        | Reached XP level 4. HP: 40/40 MP: 6/6
   201 | D        | Noticed Sigmund
   208 | D        | Killed Sigmund
   208 | D        | Reached skill level 5 in Fighting
   208 | D        | Reached skill level 7 in Long Blades
   208 | D        | Reached skill level 5 in Dodging
   208 | D        | Reached XP level 5. HP: 45/48 MP: 7/7
   250 | D        | Found an ornate altar of the Wu Jian Council.
   250 | D        | Found a deep blue altar of Sif Muna.
   252 | D        | Found a radiant altar of Vehumet.
   262 | D        | Reached skill level 8 in Long Blades
   262 | D        | Reached skill level 5 in Armour
   512 | D        | Noticed Sonja
   530 | D        | Found Colot's Armour Emporium.
   530 | D        | Found an ancient bone altar of Kikubaaqudgha.
   530 | D        | Found a hazy altar of Hepliaklqana.
   530 | D        | Found a hide-covered altar of Uskayaw.
   530 | D        | Found a basalt altar of Yredelemnul.
   530 | D        | Found an opulent altar of Gozag.
   530 | D        | Found a snail-covered altar of Cheibriados.
   530 | D        | Found a sacrificial altar of Ru.
   530 | D        | Found a shadowy altar of Dithmenos.
   530 | D        | Noticed a yak
   533 | D        | Found a stormy altar of Qazlal.
   533 | D        | Found a blossoming altar of Fedhas.
   533 | D        | Found a bloodstained altar of Trog.
   533 | D        | Found an iron altar of Okawaru.
   533 | D        | Found a glowing silver altar of Zin.
   548 | D        | Killed a yak
   548 | D        | Reached XP level 6. HP: 26/57 MP: 8/8
   549 | D        | Found a glowing golden altar of the Shining One.
   549 | D        | Found a white marble altar of Elyvilon.
   551 | D        | Found a sparkling altar of Nemelex Xobeh.
   656 | D        | Killed a gargoyle
   713 | D        | Bought a +2 hat of see invisible for 294 gold pieces
   735 | D        | Noticed a centaur warrior
   741 | D        | Found a viscous altar of Jiyva.
   741 | D        | Found a corrupted altar of Lugonu.
   741 | D        | Noticed a slime creature
   745 | D        | Found a burning altar of Makhleb.
   745 | D        | Found a shimmering altar of Xom.
   764 | D        | Killed a slime creature
   764 | D        | Reached skill level 9 in Long Blades
   764 | D        | Reached XP level 7. HP: 25/64 MP: 9/9
   973 | D        | Noticed a kobold demonologist
  1021 | D        | HP: 2/64 [poisoned by Sonja]
  1022 | D        | Succumbed to Sonja's poison

Skill      XL: |  1  2  3  4  5  6 |
---------------+-------------------+-----
Fighting       | 2 4 5 6 |  6.7
Long Blades    | 4 5 7 8 9 |  9.6
Armour         | 2 3 4 5 6 |  6.3
Dodging        | 3 4 5 6 7 |  7.0
Throwing       | |  1.7

Action                   |  1- 3 |  4- 6 |  7- 9 || total
-------------------------+-------+-------+-------++-------
Melee: Long sword        |    11 |    46 |    10 ||    67
Throw: Throwing net      |     3 |     2 |       ||     5
  Use: Potion            |     1 |     1 |     2 ||     4
       Scroll            |       |     1 |       ||     1
 Stab: Held in net/web   |     1 |     3 |       ||     4
       Sleeping          |       |     1 |       ||     1
Armor: Leather armour    |       |     2 |     5 ||     7
Dodge: Dodged            |     3 |    19 |    13 ||    35
       Rpst.: Long sword |     2 |     5 |     2 ||     9
